 Dungeon Sprint DCSS version 0.21-a0-221-gfe971b9 (webtiles) character file.

10 Kidiri the Chucker (level 2, 0/28 HPs)
             Began as a Troll Hunter on Aug 24, 2017.
             Slain by a phantom (7 damage)
             ... in the Dungeon (Sprint IX: "|||||||||||||||||||||||||||||").
             The game lasted 00:00:59 (47 turns).

Kidiri the Chucker (Troll Hunter)                     Turns: 47, Time: 00:01:01

Health: 0/28       AC:  5    Str: 19    XL:     2   Next: 10%
Magic:  1/1        EV: 10    Int:  7    God:
Gold:   0          SH:  0    Dex: 10    Spells: 1/1 levels left

rFire    . . .     SeeInvis .     - Unarmed
rCold    . . .     Gourm    +   (no shield)
rNeg     . . .     Faith    .   b - +0 robe
rPois    .         Spirit   .   (helmet restricted)
rElec    .         Reflect  .   (no cloak)
rCorr    .         Harm     .   (gloves unavailable)
MR       .....     NoTele   +   (boots unavailable)
Stlth    +.........             (no amulet)
HPRegen  0.49/turn              (no ring)
MPRegen  0.07/turn              (no ring)

@: no status effects
A: unfitting armour, claws 3, fast metabolism 3, gourmand, regeneration 1,
shaggy fur 1, tough skin 2
a: no special abilities


You were in the Dungeon.
You were not hungry.

You visited 1 branch

Inventory:

Missiles
 c - 3 large rocks (quivered)
 d - 2 throwing nets
Armour
 b - a +0 robe (worn)
Scrolls
 k - a scroll of blinking
Potions
 e - a potion of curing
 h - a potion of haste
 i - 2 potions of magic
 j - a potion of berserk rage
Comestibles
 a - 6 chunks of flesh
 f - 2 bread rations


   Skills:
 * Level 2.3 Fighting
 + Level 3.7 Throwing
 + Level 1.0 Armour
 * Level 2.3 Dodging
 * Level 1.1 Stealth
 + Level 1.0 Unarmed Combat


You had one spell level left.
You didn't know any spells.

Dungeon Overview and Level Annotations

Branches:
Dungeon (1/1)

Altars:


Innate Abilities, Weirdness & Mutations

You are too large for most types of armour.
You have claws for hands.
Your metabolism is lightning-fast.
You like to eat raw meat.
Your natural rate of healing is unusually fast.
You are covered in fur. (AC +1)
You have very tough skin. (AC +2)


Message History

Unknown command.
You feel much better. The phantom hits you! The orc closely misses you.
Unknown command.
Throwing (i - inventory. (,) - cycle):
c - 5 large rocks (quivered)
Press: ? - help, Shift-Dir - straight line, f - orc
Aim: an orc, wielding a hand axe of chopping and wearing a chain mail You throw a large rock.
The large rock hits the orc but does no damage.
The phantom hits you! The orc hits you but does no damage.
Unknown command.
Throwing (i - inventory. (,) - cycle):
c - 4 large rocks (quivered)
Press: ? - help, Shift-Dir - straight line, f/p - orc
Aim: an orc, wielding a hand axe of chopping and wearing a chain mail You throw a large rock.
The large rock barely misses the orc.
The large rock closely misses the scorpion.
The large rock closely misses the crimson imp.
The phantom hits you.
* * * LOW HITPOINT WARNING * * *
The orc closely misses you. The phantom hits you!
You die...

▓+▓
▓(▓
▓.▓
▓.▓
▓5▓
▓s▓
▓o▓
▓@▓
▓W▓
▓.▓
▓)▓
▓.▓
▓'▓
▓.▓
▓.▓
▓.▓


You could see a phantom, a scorpion, a crimson imp and an orc.

Vanquished Creatures
  An adder skeleton (D)
  A dart slug (D)
  2 bats (D)
  A hobgoblin (D)
  A rat (D)
6 creatures vanquished.

Notes
Turn   | Place    | Note
-------+----------+-------------------------------------------
     0 | D        | Kidiri the Troll Hunter began the quest for the Orb.
     0 | D        | Reached XP level 1. HP: 19/19 MP: 0/0
    20 | D        | Reached skill level 1 in Armour
    32 | D        | Noticed a crimson imp
    32 | D        | Noticed a scorpion
    32 | D        | Noticed a phantom
    35 | D        | Reached skill level 1 in Stealth
    35 | D        | Reached skill level 1 in Unarmed Combat
    35 | D        | Reached XP level 2. HP: 26/28 MP: 1/1
    47 | D        | Slain by a phantom

Vault maps used:
D:        linesprint

Skill      XL: |  1 |
---------------+----+-----
Fighting       | 2 |  2.3
Dodging        | 2 |  2.3
Armour         | 1 |  1.0
Stealth        | 1 |  1.1
Unarmed Combat | 1 |  1.0
Throwing       | |  3.7

Action                   || total
-------------------------++-------
Melee: Unarmed           ||    24
Throw: Large rock        ||     2
  Use: Potion            ||     1
Armor: Robe              ||     8
Dodge: Dodged            ||    14

Table legend:
 A = Spawn XP
 B = Non-spawn XP
 C = Spawn XP percentage of total XP
 D = Spawn monster count
 E = Non-spawn monster count
 F = Spawn count percentage of total count
 G = Total turns spent on level
                    A         B        C        D         E        F      G
               +---------+---------+-------+---------+---------+-------+---------
         Total |       0 |      15 |   0.0 |       0 |       6 |   0.0 |    47
               +---------+---------+-------+---------+---------+-------+---------
             D |       0 |      15 |   0.0 |       0 |       6 |   0.0 |    47
               +---------+---------+-------+---------+---------+-------+---------
